 Dungeon Crawl Stone Soup version 0.26.0-18-gc5c842f807 (webtiles) character file.

Game seed: 1580404664933963697

102 thiole the Sneak (level 4, 0/27 HPs)
             Began as an Octopode Hedge Wizard on Jan 22, 2021.
             Slain by Sigmund
             ... wielding a +3 scythe of protection
              (15 damage)
             ... on level 3 of the Dungeon.
             The game lasted 00:03:02 (2738 turns).

thiole the Sneak (Octopode Hedge Wizard)            Turns: 2738, Time: 00:03:02

Health: 0/27       AC:  1    Str:  9    XL:     4   Next: 78%
Magic:  9/9        EV: 13    Int: 17    God:
Gold:   106        SH:  3    Dex: 11    Spells: 9/10 levels left

rFire    . . .     SeeInvis .   h - +4 dagger
rCold    . . .     Faith    .   k - +0 buckler
rNeg     . . .     Spirit   .   b - +0 hat
rPois    .         Reflect  .   j - amulet of regeneration
rElec    .         Harm     .   (no ring)
rCorr    .         Rampage  .   (no ring)
Will     .....                  (no ring)
Stlth    +++.......             (no ring)
HPRegen  0.49/turn              (no ring)
MPRegen  0.11/turn              (no ring)
                                (no ring)
                                (no ring)

@: no status effects
A: almost no armour, stealthy swim, amphibious, 8 rings, constrict 8, camouflage
1, gelatinous body 1
a: no special abilities


You were on level 3 of the Dungeon.
You visited 1 branch of the dungeon, and saw 3 of its levels.

You collected 106 gold pieces.

Inventory:

Hand Weapons
 a - a +0 dagger
 h - a +4 dagger (weapon)
Armour
 b - a +0 hat (worn)
 k - a +0 buckler (worn)
Jewellery
 j - an amulet of regeneration (around mantle)
Scrolls
 c - a scroll of teleportation
 d - a scroll of identify
 g - a scroll of remove curse {unknown}
 i - a scroll of enchant weapon {unknown}
 l - a scroll of amnesia {unknown}
 o - a scroll of random uselessness {unknown}
Potions
 e - a potion of magic {unknown}
 f - 2 potions of lignification {unknown}
 m - 2 potions of curing {unknown}
 n - a potion of attraction {unknown}
 p - a potion of haste {unknown}


   Skills:
 - Level 2.0 Dodging
 + Level 4.0 Stealth
 + Level 1.5 Shields
 + Level 3.5 Spellcasting
 - Level 2.0 Conjurations
 - Level 2.0 Summonings
 - Level 1.0 Translocations


You had 9 spell levels left.
You knew the following spells:

 Your Spells              Type           Power        Failure   Level
a - Magic Dart            Conj           36%          10%         1

Your spell library contained the following spells:

 Spells                   Type           Power        Failure   Level
 Call Imp                 Summ           9%           16%         2
 Blink                    Tloc           N/A          22%         2
 Slow                     Hex            3%           34%         2
 Conjure Flame            Conj/Fire      6%           41%         3
 Mephitic Cloud           Conj/Pois/Air  5%           45%         3


Dungeon Overview and Level Annotations

Branches:
Dungeon (3/15)

Altars:
Fedhas
Nemelex Xobeh
Qazlal

Annotations:
D:3 Sigmund


Innate Abilities, Weirdness & Mutations

You cannot wear most types of armour.
You are very stealthy in the water. (Stealth+)
You are amphibious.
You can wear up to eight rings at the same time.
You can use your tentacles to constrict eight enemies at once.
Your skin changes colour to match your surroundings (Stealth+).
Your rubbery body absorbs attacks. (AC +1, EV +1)


Message History

You kill the frilled lizard!
Sigmund closely misses you.
You hit the kobold. You grab the kobold.
The kobold is severely wounded.
You constrict the kobold.
You kill the kobold!
Sigmund gestures at himself while chanting.
Sigmund flickers and vanishes!
Deactivating autopickup; reactivate with Ctrl-A.
The goblin closely misses you.
You hit the goblin.
You kill the goblin!
A magic dart appears from out of thin air!
The magic dart hits you!
Hit: h) +4 dagger
Press: ? - help, Dir - move target, f - you
Okay, then.
Something hits you!
Ouch! That really hurt!
You die...

### #.# #.## .....#
##..# ......###
#...# ........
#...# .##..#..##
#.# .........## #.#
.....)....## #@#
...........# #{#
....?......###g#
....[...gg.K...####
..................#
..................#
..........).......#
..........##.######
...#.>....##.#


You could see a hobgoblin.

Vanquished Creatures
  3 adders (D:2)
  2 oozes (D:2)
  2 worms (D:2)
  2 dart slugs
  2 leopard geckos
  2 orcs (D:3)
  A giant cockroach (D:1)
  8 goblins
  5 hobgoblins
  7 bats
  7 frilled lizards
  9 kobolds
  5 rats (D:1)
55 creatures vanquished.

Notes
Turn   | Place    | Note
-------+----------+-------------------------------------------
     0 | D:1      | thiole the Octopode Hedge Wizard began the quest for the
                  | Orb.
     0 | D:1      | Reached XP level 1. HP: 11/11 MP: 4/4
   275 | D:1      | Reached XP level 2. HP: 17/17 MP: 3/6
   410 | D:1      | Reached skill level 3 in Stealth
   755 | D:1      | Reached XP level 3. HP: 11/21 MP: 5/7
  1508 | D:2      | Found a blossoming altar of Fedhas.
  1662 | D:2      | Reached XP level 4. HP: 27/27 MP: 3/8
  1769 | D:2      | Reached skill level 1 in Shields
  1914 | D:2      | Found a sparkling altar of Nemelex Xobeh.
  2406 | D:2      | Found a stormy altar of Qazlal.
  2407 | D:2      | Noticed a water elemental
  2409 | D:2      | Noticed a fire elemental
  2414 | D:2      | Noticed an earth elemental
  2414 | D:2      | Noticed an air elemental
  2489 | D:2      | Reached skill level 4 in Stealth
  2552 | D:2      | Found a faded altar of an unknown god.
  2708 | D:3      | Noticed Sigmund
  2738 | D:3      | Slain by Sigmund

Illustrated notes

Levels and vault maps discovered:
D:1:      dpeg_arrival_tiny_f, layout_basic
D:2:      layout_basic, nicolae_qazlal_style_of_elements, fedhas_altar_1,
          chequers_ecumenical_altar_lobes, nemelex_diamond_rough_becter
D:3:      layout_rooms, led_sif_pool, uniq_natasha, uniq_sigmund

Skill      XL: |  1  2  3  4 |
---------------+-------------+-----
Stealth        | 3 4 |  4.0
Summonings     | 2 |  2.0
Conjurations   | 2 |  2.0
Shields        | 1 |  1.5
Dodging        | |  2.0
Spellcasting   | |  3.5
Translocations | |  1.0

Action                   |  1- 3 |  4- 6 || total
-------------------------+-------+-------++-------
Melee: Dagger            |    28 |    24 ||    52
       Constrict         |     6 |     7 ||    13
       Tentacles         |     5 |     4 ||     9
 Cast: Magic Dart        |    64 |    48 ||   112
  Use: Scroll            |     2 |       ||     2
Armor: Skin              |     1 |       ||     1
Dodge: Dodged            |    14 |    17 ||    31
Block: Buckler           |     1 |       ||     1
